 Dungeon Sprint DCSS version 0.26-a0-835-g8259106e14 (webtiles) character file.

Game seed: 17663234464665527028

6651 demenzo the Severer (level 10, 0/156 HPs)
             Began as a Minotaur Berserker on Nov 17, 2020.
             Was the Champion of Trog.
             Succumbed to a naga mage's splash of poison
             ... in the Dungeon (Sprint VII: "The Pits").
             The game lasted 00:06:14 (1479 turns).

demenzo the Severer (Minotaur Berserker)            Turns: 1479, Time: 00:06:14

Health: 0/156      AC: 21    Str: 22    XL:     10   Next: 72%
Magic:  9/9        EV: 12    Int:  5    God:    Trog [******]
Gold:   0          SH:  0    Dex: 15    Spells: 9/9 levels left

rFire    . . .     SeeInvis .   x - +4 executioner's axe (vorpal)
rCold    . . .     Faith    .   (shield currently unavailable)
rNeg     . . .     Spirit   .   u - +4 chain mail
rPois    .         Reflect  .   (helmet restricted)
rElec    .         Harm     .   (no cloak)
rCorr    .         Rampage  .   (no gloves)
MR       .....     NoTele   +   v - +0 pair of boots
Stlth    ..........             (no amulet)
HPRegen  0.36/turn              s - +3 ring of protection
MPRegen  0.11/turn              b - +3 ring of dexterity

@: berserking (expiring), lethally poisoned (0 -> -6), slowed
A: retaliatory headbutt, horns 2
a: Berserk, Trog's Hand, Brothers in Arms, Renounce Religion


You were in the Dungeon.
You worshipped Trog.
Trog was exalted by your worship.
You visited 1 branch

Inventory:

Hand Weapons
 a - a +0 hand axe
 i - a +2 hand axe
 o - a +2 mace
 p - the +8 great mace of War {vorpal, rPois Int-5 Dex+4}
   (Trog gifted it to you in the Dungeon)

   It inflicts extra damage upon your enemies.
   It affects your intelligence (-5).
   It affects your dexterity (+4).
   It protects you from poison.
 r - the +2 war axe of the Present {flame, rN+++}
   (You found it in the Dungeon)

   It has been specially enchanted to burn those struck by it, causing extra
   injury to most foes and up to half again as much damage against particularly
   susceptible opponents.
   Big, fiery blades are also staple armaments of hydra-hunters.
   It renders you almost immune to negative energy.
 w - a +5 battleaxe
 x - a +4 vorpal executioner's axe (weapon)
Missiles
 n - 10 stones (quivered)
Armour
 u - a +4 chain mail (worn)
 v - a +0 pair of boots (worn)
Jewellery
 b - a +3 ring of dexterity (right hand)
 s - a +3 ring of protection (left hand)
Scrolls
 h - a scroll of blinking
 k - 3 scrolls of remove curse
 l - a scroll of summoning
 m - 2 scrolls of vulnerability
Potions
 c - 6 potions of curing
 d - 14 potions of heal wounds
 e - 2 potions of haste
 f - 4 potions of magic
 g - 4 potions of berserk rage
 j - 2 potions of invisibility
 q - a potion of might
 t - a potion of mutation


   Skills:
 + Level 14.7 Fighting
 * Level 17.9(19.2) Axes
 - Level 12.6(16.6) Maces & Flails
 + Level 13.0 Armour
 - Level 7.0 Dodging


You had 9 spell levels left.
You didn't know any spells.
Your spell library was empty.

Dungeon Overview and Level Annotations

Branches:
Dungeon (1/1)

Altars:
Ashenzari
Cheibriados
Dithmenos
Elyvilon
Fedhas
Gozag
Hepliaklqana
Kikubaaqudgha
Makhleb
Nemelex Xobeh
Okawaru
Qazlal
Ru
Sif Muna
Trog
Uskayaw
Vehumet
Wu Jian
Xom
Yredelemnul
Zin
The Shining One
Beogh
Jiyva
Lugonu

Annotations:
D exclusion: 4 doors


Innate Abilities, Weirdness & Mutations

You reflexively headbutt those who attack you in melee.
You have a pair of horns on your head.


Message History

Your iron troll bites the naga!!
The naga dies!
Trog accepts your kill.
Your Armour skill increases to level 13!
Unknown command.
Unknown command.
Unknown command.
Unknown command.
Unknown command.
Unknown command.
Unknown command.
Unknown command.
Unknown command.
Unknown command.
Unknown command.
Unknown command.
Unknown command.
You are too berserk!
You are too berserk!
You die...

+..........#
#..........#
#..#....#..#
+..........#
+..........#
#..#....#..#
#..........+
#..........+
###'@####''#
###')####''#########
#.)T)|.##....)......
########
#.#T##.##...........
........ #.#).
.##..#########
........ # '|)#
##..# ''##### .#=:'
#..#
''###########.+))#.
#..# .......##..##
##+#. #..#


You could see a friendly iron troll (summoned, berserk, extremely poisoned) and
a friendly deep troll (summoned, berserk).

Vanquished Creatures
  A death yak (D)
  A spriggan (D)
  A wolf spider (D)
  A naga mage (D)
  An eye of devastation (D)
  A demonic crawler (D)
  A hellwing (D)
  A polar bear (D)
  A hornet (D)
  An orc warrior (D)
  An ogre (D)
  11 wolves (D)
  A bullfrog (D)
  6 killer bees (D)
  A jelly (D)
  A gnoll shaman (D)
  An orc priest (D)
  4 orc wizards (D)
  A worker ant (D)
  A mummy (D)
  An adder (D)
  7 gnolls (D)
  A river rat (D)
  An ufetubus (D)
  A worm (D)
  A leopard gecko (D)
  4 orcs (D)
  2 hobgoblins (D)
  6 jackals (D)
  2 ball pythons (D)
  A bat (D)
  A frilled lizard (D)
66 creatures vanquished.

Vanquished Creatures (collateral kills)
  An angel (D)
  An eidolon (D)
  A naga mage (D)
  A smoke demon (D)
  An eye of devastation (D)
  A guardian mummy (D)
  A golden eye (D)
  2 nagas (D)
9 creatures vanquished.

Grand Total: 75 creatures vanquished

Notes
Turn   | Place    | Note
-------+----------+-------------------------------------------
     0 | D        | demenzo the Minotaur Berserker began the quest for the Orb.
     0 | D        | Reached XP level 1. HP: 19/19 MP: 0/0
    23 | D        | Reached skill level 1 in Maces & Flails
    28 | D        | Found a bloodstained altar of Trog.
    28 | D        | Found a shimmering blue altar of Sif Muna.
    28 | D        | Found a viscous altar of Jiyva.
    28 | D        | Found a hazy altar of Hepliaklqana.
    28 | D        | Found an opulent altar of Gozag.
    29 | D        | Found a glowing golden altar of the Shining One.
    29 | D        | Found a glowing silver altar of Zin.
    29 | D        | Found a basalt altar of Yredelemnul.
    29 | D        | Found a shimmering altar of Xom.
    29 | D        | Found an ornate altar of the Wu Jian Council.
    29 | D        | Found a sacrificial altar of Ru.
    29 | D        | Found a stormy altar of Qazlal.
    29 | D        | Found an iron altar of Okawaru.
    29 | D        | Found a sparkling altar of Nemelex Xobeh.
    29 | D        | Found a burning altar of Makhleb.
    29 | D        | Found a blossoming altar of Fedhas.
    29 | D        | Found a white marble altar of Elyvilon.
    29 | D        | Found a shadowy altar of Dithmenos.
    29 | D        | Found a snail-covered altar of Cheibriados.
    30 | D        | Found a radiant altar of Vehumet.
    30 | D        | Found a corrupted altar of Lugonu.
    30 | D        | Found a roughly hewn altar of Beogh.
    31 | D        | Found a hide-covered altar of Uskayaw.
    31 | D        | Found an ancient bone altar of Kikubaaqudgha.
    31 | D        | Found a broken altar of Ashenzari.
    79 | D        | Reached skill level 4 in Axes
    80 | D        | Reached ** piety under Trog
    97 | D        | Noticed an ogre
   100 | D        | Noticed an orc warrior
   102 | D        | Killed an ogre
   103 | D        | Reached skill level 5 in Fighting
   103 | D        | Reached skill level 5 in Axes
   103 | D        | Reached XP level 2. HP: 30/30 MP: 1/1
   103 | D        | Reached XP level 3. HP: 37/37 MP: 2/2
   103 | D        | Reached XP level 4. HP: 44/44 MP: 3/3
   109 | D        | Killed an orc warrior
   110 | D        | Reached skill level 7 in Axes
   110 | D        | Reached skill level 5 in Dodging
   110 | D        | Reached XP level 5. HP: 47/52 MP: 4/4
   111 | D        | Reached *** piety under Trog
   116 | D        | Reached **** piety under Trog
   120 | D        | Reached ***** piety under Trog
   121 | D        | Reached XP level 6. HP: 33/60 MP: 5/5
   134 | D        | Reached skill level 8 in Axes
   140 | D        | Reached skill level 10 in Maces & Flails
   320 | D        | Noticed a polar bear
   324 | D        | Killed a polar bear
   325 | D        | Reached skill level 9 in Axes
   325 | D        | Reached XP level 7. HP: 70/70 MP: 6/6
   361 | D        | Received a gift from Trog
   366 | D        | Reached skill level 5 in Armour
   449 | D        | Noticed a demonic crawler
   462 | D        | Killed a demonic crawler
   462 | D        | Reached ****** piety under Trog
   593 | D        | Got the +2 war axe of the Present {flame, rN+++}
   675 | D        | Reached skill level 10 in Axes
   681 | D        | Received a gift from Trog
   682 | D        | Reached skill level 10 in Fighting
   686 | D        | Received a gift from Trog
   687 | D        | Reached XP level 8. HP: 79/79 MP: 7/7
   693 | D        | Got a pitted great mace {god gift}
   729 | D        | Lost intelligence.
   729 | D        | Identified the +8 great mace of War {vorpal, rPois Int-5
                  | Dex+4} (Trog gifted it to you in the Dungeon)
   780 | D        | Reached skill level 11 in Axes
   868 | D        | Noticed a guardian mummy
   868 | D        | Noticed a smoke demon
   869 | D        | Noticed an eye of devastation
   890 | D        | Killed a smoke demon
   892 | D        | Killed a guardian mummy
   892 | D        | Received a gift from Trog
   893 | D        | Reached skill level 12 in Axes
   898 | D        | Killed an eye of devastation
   960 | D        | Reached skill level 13 in Axes
   960 | D        | Reached XP level 9. HP: 84/90 MP: 8/8
   968 | D        | Received a gift from Trog
  1069 | D        | Noticed a wolf spider
  1071 | D        | Reached skill level 14 in Axes
  1073 | D        | Reached skill level 10 in Armour
  1076 | D        | Killed a wolf spider
  1304 | D        | Noticed a death yak
  1314 | D        | Killed a death yak
  1315 | D        | Reached skill level 15 in Axes
  1364 | D        | Noticed a hellwing
  1365 | D        | Noticed a spriggan rider
  1369 | D        | Killed a hellwing
  1370 | D        | Reached XP level 10. HP: 81/101 MP: 9/9
  1371 | D        | Killed a spriggan rider
  1372 | D        | Reached skill level 16 in Axes
  1462 | D        | Noticed an eidolon
  1462 | D        | Noticed an eye of devastation
  1462 | D        | Noticed a naga mage
  1462 | D        | Noticed a naga mage
  1462 | D        | Noticed an angel
  1463 | D        | Found the +4 moon troll leather armour {Spirit, Regen++
                  | MP+5}
  1470 | D        | Killed an eidolon
  1470 | D        | Received a gift from Trog
  1471 | D        | Reached skill level 17 in Axes
  1472 | D        | Killed a naga mage
  1473 | D        | Killed an eye of devastation
  1475 | D        | Killed a naga mage
  1475 | D        | Received a gift from Trog
  1477 | D        | HP: 7/156 [poisoned by a naga mage (splash of poison)]
  1478 | D        | HP: 1/156 [angel/+2 whip of holy wrath (5)]
  1478 | D        | Killed an angel
  1479 | D        | Succumbed to a naga mage's splash of poison

Illustrated notes

Levels and vault maps discovered:
D:        pitsprint [storerooms_1, entrance_room_1, metal_vault_6, armoury_2,
          mini_pit_1, grid_room_1, main_hall_1, silver_pit, the_coven_3,
          the_vestibule_1, steel_vault_2, golden_pit, hallway_of_sentries,
          crystal_vault_1, iron_vault_1, final_vault]

Skill      XL: |  1  2  3  4  5  6  7  8  9 10 |
---------------+-------------------------------+-----
Maces & Flails | 6 8 9 11 12 | 12.6
Fighting       | 5 7 9 10 11 13 14 | 14.7
Axes           | 5 7 9 10 13 15 17 | 17.9
Dodging        | 4 5 6 7 |  7.0
Armour         | 4 6 9 11 13 | 13.0

Action                   |  1- 3 |  4- 6 |  7- 9 | 10-12 || total
-------------------------+-------+-------+-------+-------++-------
Melee: Hand axe          |     5 |    39 |    24 |       ||    68
       Headbutt          |     1 |    13 |    13 |     1 ||    28
       War axe           |       |       |    17 |       ||    17
       Battleaxe         |       |       |    15 |       ||    15
       Executioner's axe |       |       |    19 |    10 ||    29
Invok: Berserk           |     1 |     1 |     5 |     1 ||     8
       Trog's Hand       |       |     1 |       |     1 ||     2
       Brothers in Arms  |       |       |     1 |     2 ||     3
Armor: Animal skin       |     1 |     1 |       |       ||     2
       Plate armour      |       |     3 |    13 |       ||    16
       Chain mail        |       |       |    45 |    17 ||    62
Dodge: Dodged            |     3 |    17 |    71 |    11 ||   102

Table legend: (Time is in decaauts)
 A = Elapsed time spent in this place.
 B = Non-inter-level travel time spent in this place.
 C = Inter-level travel time spent in this place.
 D = Time resting spent in this place.
 E = Time spent auto-exploring this place.
 F = Levels seen in this place.
 G = Mean time per level.
                   A        B        C        D        E       F      G
               +--------+--------+--------+--------+--------+-----+--------+
         Total |   1549 |   1549 |      0 |    910 |     79 |   1 | 1549.0 |
       Dungeon |   1549 |   1549 |      0 |    910 |     79 |   1 | 1549.0 |
               +--------+--------+--------+--------+--------+-----+--------+

Top non-repeatable levels by time:
       D: 1549 daAuts
